Map: Hardwire LE

Players

HeroMarine - Winner!

  • Race: Terran Terran
  • League: Master

Geralt (Gerald)

  • Race: Protoss Protoss
  • League: Grandmaster

Event: DreamHack SC2 Masters Last Chance 2022

VOD

Have the link to the VOD?

Description

Time

  • Played on: Dec. 17, 2021, 1:10 p.m.
  • Length: 7:28

All games in this series

Show
View Real Time Build Order
Export as new Build Order

HeroMarine Terran - Winner!

Build Orders: Reaper Expand 

Get SALT Encoding   

  12  0:00  SCV  
  13  0:12  SCV  
  14  0:16  Supply Depot  
  14  0:24  SCV  
  15  0:38  SCV  
  15  0:39  Barracks  
  16  0:43  Refinery  
  16  0:50  SCV  
  17  1:02  SCV  
  18  1:14  SCV  
  19  1:27  Reaper, Orbital Command  
  20  1:39  Command Center  
  20  1:47  Supply Depot  
  20  1:53  SCV  
  21  1:59  Marine  
  22  2:05  SCV  
  22  2:07  Factory  
  23  2:15  Bunker  
  23  2:17  SCV  
  23  2:20  Barracks Reactor  
  24  2:24  Refinery  
  24  2:29  SCV  
  25  2:41  SCV  
  26  2:51  Orbital Command  
  26  2:52  Hellion  
  26  2:53  Starport, SCV  
  26  2:56  Marine  
  26  2:58  Marine  
  31  3:05  SCV  
  32  3:14  Marine  
  32  3:15  Marine  
  32  3:17  SCV  
  32  3:18  SCV  
  32  3:19  Factory Tech Lab  
  36  3:20  Supply Depot  
  36  3:30  SCV x2, Starport Tech Lab  
  36  3:32  Marine  
  36  3:33  Marine  
  40  3:42  SCV x2  
  40  3:44  Barracks  
  40  3:45  Siege Tank  
  45  3:51  Marine  
  45  3:52  Marine  
  45  3:54  SCV x2  
  49  3:57  Barracks  
  49  4:02  Supply Depot  
  49  4:04  Raven  
  49  4:06  SCV  
  49  4:07  SCV  
  53  4:14  Refinery  
  53  4:16  Engineering Bay  
  53  4:18  Marine  
  53  4:23  Marine  
  53  4:24  SCV x2  
  57  4:36  SCV x2, Marine  
  57  4:38  Stimpack, Marine  
  60  4:41  Marine  
  62  4:49  Factory Reactor  
  62  4:54  Factory Tech Lab, Starport Reactor  
  62  4:55  Supply Depot, Combat Shield  
  62  4:58  SCV x2, Bunker  
  62  5:00  Refinery  
  62  5:06  Marauder x2  
  66  5:07  Bunker, Marine x2  
  70  5:16  Siege Tank  
  70  5:20  Supply Depot  
  71  5:25  Marine x2  
  71  5:28  Marauder x2, Supply Depot  
  77  5:32  SCV  
  78  5:35  SCV  
  78  5:42  Supply Depot  
  75  5:43  Marine x2  
  75  5:45  SCV  
  75  5:47  SCV  
  75  5:49  Marauder x2  
  81  5:51  Siege Tank  
  84  5:57  Medivac  
  84  5:59  Medivac  
  84  6:00  Marine  
  84  6:01  Marine  
  90  6:05  Supply Depot  
  90  6:11  Marauder x2  
  93  6:18  Marine x2  
  93  6:23  Siege Tank  
  97  6:33  Medivac  
  97  6:34  Medivac  
  97  6:37  Command Center  
  97  6:39  Marauder  
  101  6:41  Marauder  
  101  6:44  Marine x2  
  100  6:50  SCV  
  100  6:52  SCV  
  94  7:01  Marauder  
  95  7:02  Marine x2  
  95  7:03  Marine  
  98  7:11  Bunker  
Show
View Real Time Build Order
Export as new Build Order

Geralt Protoss 

Build Orders: 1 Gate Expand, Blink Stalkers 

Get SALT Encoding   

  12  0:00  Probe  
  13  0:12  Probe  
  14  0:17  Pylon  
  14  0:24  Probe (Chrono Boost)  
  15  0:36  Gateway, Probe (Chrono Boost)  
  16  0:44  Probe (Chrono Boost)  
  16  0:46  Assimilator  
  17  0:51  Probe  
  18  1:03  Probe  
  19  1:15  Probe  
  20  1:22  Nexus  
  20  1:33  Cybernetics Core  
  20  1:35  Probe  
  20  1:39  Assimilator  
  21  1:47  Probe  
  21  1:52  Pylon  
  22  1:59  Probe  
  23  2:08  Stalker (Chrono Boost)  
  23  2:11  Probe  
  26  2:15  Shield Battery  
  26  2:19  Warp Gate  
  26  2:23  Probe  
  27  2:30  Adept  
  27  2:35  Probe  
  30  2:37  Probe  
  30  2:43  Twilight Council  
  30  2:47  Probe (Chrono Boost)  
  30  2:49  Probe (Chrono Boost)  
  32  2:58  Probe (Chrono Boost)  
  34  2:59  Probe (Chrono Boost)  
  34  3:02  Robotics Facility  
  34  3:03  Probe (Chrono Boost)  
  34  3:05  Probe  
  36  3:14  Probe  
  36  3:17  Probe  
  36  3:19  Blink (Chrono Boost)  
  38  3:20  Gateway  
  38  3:33  Probe  
  39  3:36  Probe  
  40  3:45  Probe  
  40  3:47  Gateway  
  40  3:48  Probe  
  42  3:50  Observer  
  42  3:51  Gateway  
  43  3:57  Probe  
  43  3:58  Pylon  
  43  4:00  Probe  
  45  4:04  Assimilator  
  45  4:07  Pylon  
  45  4:09  Probe  
  46  4:16  Warp Prism  
  48  4:20  Stalker x2  
  52  4:30  Nexus  
  52  4:35  Probe  
  53  4:44  Stalker x3  
  59  4:51  Shield Battery  
  57  4:54  Probe  
  57  4:56  Pylon  
  58  5:00  Probe  
  58  5:01  Observer  
  59  5:08  Pylon  
  59  5:12  Stalker  
  61  5:14  Stalker x3  
  67  5:24  Probe  
  68  5:31  Probe  
  68  5:34  Observer  
  67  5:47  Probe x2  
  69  5:50  Stalker, Robotics Bay  
  69  5:51  Stalker x3, Assimilator  
  77  5:59  Probe  
  77  6:00  Probe  
  77  6:01  Probe  
  80  6:11  Probe  
  80  6:12  Probe  
  80  6:13  Probe  
  81  6:23  Gateway, Probe  
  81  6:24  Gateway, Probe  
  81  6:25  Probe, Pylon  
  82  6:35  Zealot x4, Disruptor (Chrono Boost)  
  82  6:38  Shield Battery  
  91  6:41  Shield Battery  
  91  6:42  Pylon  
  87  6:57  Gateway x2  
  87  6:59  Zealot x2  
  87  7:00  Zealot  
  87  7:08  Zealot  
  73  7:20  Zealot x4  

Tags
 
Add a new tag
Caveats
  • Supply blocks, unpowered buildings, or Contaminate may cause inaccurate times.
  • Supply counts are checked every 10 seconds.